AoeStats
← ELmasi

Arabia

510128347Analyzed
1v1 RM · 3d ago on Sep 29, 2026· 38m 21s· 2 players
Game mode
Random Map
Map size
Tiny (2 player)
Population
200
Speed
Normal
Resources
Standard
Victory
Conquest
Starting age
Dark Age
Ending age
Imperial Age
RankedLock teamsTeams togetherTeam positionsShared explorationLock speedFull tech treeHidden civsTurbo modeCheats
Victory
Defeat
🇦🇷 Berbers · Argentina
712
+17
🇦🇷 Poles · Argentina
728
-17
ELmasi
10:28 Feudal Age
11:20 Horse Collar
11:27 Double-Bit Axe
13:27 Loom
17:05 Wheelbarrow
17:29 Bloodlines
23:31 Castle Age
21:51 Scale Barding Armor
21:57 Forging
22:16 Town Watch
24:18 Husbandry
25:26 Hand Cart
25:11 Town Patrol
27:52 Chain Barding Armor
28:27 Iron Casting
31:29 Bow Saw
31:22 Heavy Plow
31:30 Squires
32:05 Pikeman
36:44 Imperial Age
Leo Cositorto
7:40 Loom
11:33 Feudal Age
22:19 Castle Age
20:18 Double-Bit Axe
20:42 Horse Collar
25:04 Wheelbarrow
26:34 Heavy Plow
33:18 Imperial Age
31:39 Bow Saw
31:57 Forging
31:53 Scale Barding Armor
32:10 Bloodlines
33:56 Chain Barding Armor
37:05 Pikeman
Connection lost

Rejoining the realm…

Still unreachable

The connection could not be restored.

Session expired

The server has moved on; the page needs a fresh start.